 Dungeon Crawl Stone Soup version 0.30.0-11-gf55b779eaf (webtiles) character file.

Game seed: 2265277739113915422

46 Firecrotchwizard the Chopper (level 3, 0/33 HPs)
             Began as a Hill Orc Monk on May 17, 2023.
             Slain by Terence
             ... wielding a +0 flail
              (10 damage)
             ... on level 2 of the Dungeon.
             The game lasted 00:01:56 (612 turns).

Firecrotchwizard the Chopper (Hill Orc Monk)         Turns: 612, Time: 00:01:56

Health: 0/33       AC:  4    Str: 15    XL:     3   Next: 68%
Magic:  3/3        EV: 12    Int: 10    God:
Gold:   29         SH:  0    Dex: 13    Spells: 2/2 levels left

rFire   . . .        a - +0 hand axe
rCold   . . .        d - orb {light}
rNeg    . . .        n - +0 leather armour
rPois   .            (no helmet)
rElec   .            (no cloak)
rCorr   .            k - +0 pair of gloves
SInv    .            (no boots)
Will    .....        (no amulet)
Stlth   +            (no ring)
HPRegen 0.25/turn    (no ring)
MPRegen 0.08/turn

%: no passive effects
@: glowing
A: no striking features
a: no special abilities


You were on level 2 of the Dungeon.
You visited 1 branch of the dungeon, and saw 2 of its levels.

You collected 29 gold pieces.

Inventory:

Hand Weapons
 a - a +0 hand axe (weapon)
Missiles
 h - 5 poisoned darts (quivered)
Armour
 b - a +0 robe
 d - an orb of light (worn)
 k - a +0 pair of gloves (worn)
 n - a +0 leather armour (worn)
Jewellery
 l - a ring of protection from fire
Scrolls
 e - a scroll of silence {unknown}
 f - a scroll of poison {unknown}
 i - 3 scrolls of blinking {unknown}
 j - 2 scrolls of identify {unknown}
Potions
 c - a potion of magic {unknown}
 g - a potion of curing {unknown}
 m - a potion of invisibility {unknown}


   Skills:
 + Level 4.1 Fighting
 * Level 5.1 Axes
 + Level 1.5 Armour
 - Level 2.4 Dodging


You had 2 spell levels left.
You didn't know any spells.
Your spell library was empty.

Dungeon Overview and Level Annotations

Branches:
Dungeon (2/15)

Altars:

Shops:
D:1 (

Annotations:
D:2 Terence


Message History

You hit the hobgoblin.
The hobgoblin is lightly wounded.
The hobgoblin closely misses you.
You hit the hobgoblin.
The hobgoblin is heavily wounded.
The hobgoblin barely misses you. The hobgoblin closely misses you.
You hit the hobgoblin but do no damage.
The hobgoblin is heavily wounded.
The hobgoblin misses you.
You hit the hobgoblin.
You kill the hobgoblin!
You hit the rat.
You kill the rat!
No target in view!
No target in view!
HP restored.
Found a robe.
j - 2 scrolls labelled UBRUMA ELOHYMN (gained 1)
Items here: ( ) ††.
You now have 29 gold pieces (gained 11).
Found 8 stones.
A ball python comes into view.
The ball python hisses angrily.
A ball python is nearby!
You hit the ball python.
You kill the ball python!
No target in view!
Found a stone staircase leading up.
A goblin comes into view. It is wielding a +0 dagger.
There is a stone staircase leading up here.
A goblin is nearby!
The goblin hits you with a +0 dagger.
You hit the goblin.
The goblin is moderately wounded.
The goblin barely misses you.
You closely miss the goblin.
The goblin is moderately wounded.
The goblin hits you but does no damage.
You hit the goblin.
The goblin is heavily wounded.
The goblin misses you.
A goblin is nearby!
You hit the goblin.
You kill the goblin!
No target in view!
You see here a +0 dagger.
A rat comes into view.
A rat is nearby!
The rat bites you but does no damage.
You hit the rat.
You kill the rat!
No target in view!
Found a dagger.
No target in view!
Terence the Incautious comes into view.
He is wielding a +0 flail.
Terence shouts!
A ball python comes into view.
The ball python hisses angrily.
Terence hits you with a +0 flail.
You hit Terence but do no damage. Terence screams, "I want your blood!"
Terence hits you with a +0 flail.
You hit Terence.
Terence is moderately wounded.
Terence misses you.
The ball python bites you but does no damage.
The ball python closely misses you.
You hit Terence but do no damage.
Terence is moderately wounded.
You hit the ball python.
You kill the ball python!
Terence hits you with a +0 flail.
You hit Terence.
Terence is moderately wounded.
Terence hits you with a +0 flail.
You hit Terence but do no damage.
Terence is moderately wounded.
Terence hits you with a +0 flail.
* * * LOW HITPOINT WARNING * * *
Sorry, you're not good enough to have a special ability.
Okay, then.
You hit Terence but do no damage.
Terence is moderately wounded.
Terence hits you with a +0 flail.
* * * LOW HITPOINT WARNING * * *
You hit Terence.
Terence is heavily wounded.
Terence closely misses you.
Unknown command.
You hit Terence but do no damage.
Terence is heavily wounded.
Terence hits you but does no damage.
Unknown command.
You hit Terence.
Terence is heavily wounded.
Terence hits you but does no damage.
You hit Terence but do no damage.
Terence is heavily wounded.
Terence hits you with a +0 flail!
You die...

#.##...##### #.......#
#.##†#.....# #.....=.#
#.##.#####.####.......#
.....# #...##..)....#
..#### ###.##.......#
......# #..........#
.##.#.# ###........# .#
... ###........## ##
..# #....@....... #.#
#.####@.###.. .. #. ..#
. . ..# ## ... ####


You could see Terence.

Vanquished Creatures
  3 bats (D:1)
  An endoplasm (D:1)
  A giant cockroach (D:2)
  5 goblins
  7 hobgoblins
  4 jackals (D:1)
  3 kobolds
  A quokka (D:1)
  7 ball pythons
  2 frilled lizards (D:1)
  9 rats
43 creatures vanquished.

Notes
Turn   | Place    | Note
-------+----------+-------------------------------------------
     0 | D:1      | Firecrotchwizard the Hill Orc Monk began the quest for the
                  | Orb.
     0 | D:1      | Reached XP level 1. HP: 19/19 MP: 1/1
    60 | D:1      | Reached XP level 2. HP: 9/27 MP: 2/2
   154 | D:1      | Reached skill level 1 in Armour
   254 | D:1      | Reached XP level 3. HP: 28/33 MP: 3/3
   415 | D:1      | Reached skill level 5 in Axes
   434 | D:1      | Found Urunwima's Antique Weapon Boutique.
   599 | D:2      | Noticed Terence
   612 | D:2      | Slain by Terence

Illustrated notes

Levels and vault maps discovered:
D:1:      reono_arrival_forest_river, layout_rooms, serial_shops,
          nicolae_shop_temple_entry_statues_fountains
D:2:      layout_rooms, basic_altar, uniq_terence

Skill      XL: |  1  2  3 |
---------------+----------+-----
Armour         | 1 |  1.5
Fighting       | 4 |  4.1
Axes           | 5 |  5.1
Dodging        | |  2.4

Action                     || total
---------------------------++-------
  Melee: Hand axe          ||    97
    Use: Potion            ||     1
 Armour: Robe              ||    21
         Leather armour    ||     8
  Dodge: Dodged            ||    74
